 Dungeon Crawl Stone Soup version 0.23.2-40-g277498a001 (webtiles) character file.

Game seed: 171818572992432009

114 Bbm the Sneak (level 4, -3/30 HPs)
             Began as an Octopode Assassin on Aug 26, 2019.
             Killed by nerve-wracking pain
             ... invoked by Jessica
              (14 damage)
             ... on level 3 of the Dungeon.
             The game lasted 00:12:41 (1092 turns).

Bbm the Sneak (Octopode Assassin)                   Turns: 1092, Time: 00:12:42

Health: -3/30      AC:  1    Str: 10    XL:     4   Next: 98%
Magic:  4/4        EV: 13    Int: 13    God:
Gold:   90         SH:  0    Dex: 14    Spells: 3/3 levels left

rFire    . . .     SeeInvis .   a - +2 dagger
rCold    . . .     Gourm    .   (no shield)
rNeg     . . .     Faith    .   (helmet restricted)
rPois    +         Spirit   .   (no amulet)
rElec    .         Reflect  .   s - ring of poison resistance
rCorr    +         Harm     .   z - ring of resist corrosion
MR       .....                  (no ring)
Stlth    +++++.....             (no ring)
HPRegen  0.10/turn              (no ring)
MPRegen  0.09/turn              (no ring)
                                (no ring)
                                (no ring)

@: no status effects
A: almost no armour, stealthy swim, amphibious, 8 rings, constrict 8, camouflage
1, gelatinous body 1
a: no special abilities


You were on level 3 of the Dungeon.
You were hungry.

You visited 1 branch of the dungeon, and saw 3 of its levels.

You collected 90 gold pieces.

Inventory:

Hand Weapons
 a - a +2 dagger (weapon)
 b - a +0 blowgun
 e - a +0 dagger
 r - a +0 whip
 x - a +0 hunting sling
 y - a +0 dagger of holy wrath
Missiles
 c - 25 poisoned needles (quivered)
 d - 2 curare-tipped needles
 g - 6 javelins
 k - 57 stones
 p - 49 arrows
Armour
 n - a +0 pair of gloves
 o - a cursed +0 chain mail
 q - a +0 leather armour
 w - a +0 pair of boots
Jewellery
 s - a ring of poison resistance (left tentacle)
 z - a ring of resist corrosion (right tentacle)
Wands
 A - a wand of iceblast (9)
 B - a wand of disintegration (5)
Scrolls
 i - a scroll of fog {unknown}
 j - 2 scrolls of remove curse {unknown}
 l - a scroll of identify {unknown}
 u - a scroll of enchant armour {unknown}
Potions
 h - 2 potions of degeneration {unknown}
 m - 2 potions of haste {unknown}
 t - a potion of curing {unknown}
 v - a potion of resistance {unknown}
Comestibles
 f - 2 rations


   Skills:
 + Level 2.8 Fighting
 + Level 2.4 Short Blades
 + Level 2.2 Throwing
 + Level 1.3 Dodging
 + Level 7.3 Stealth


You had 3 spell levels left.
You didn't know any spells.
Your spell library was empty.

Dungeon Overview and Level Annotations

Branches:
Dungeon (3/15)

Altars:
Ashenzari
Hepliaklqana
Xom
Zin

Annotations:
D:3 Jessica


Innate Abilities, Weirdness & Mutations

You cannot wear most types of armour.
You are very stealthy in the water. (Stealth+)
You are amphibious.
You can wear up to eight rings at the same time.
You can use your tentacles to constrict eight enemies at once.
Your skin changes colour to match your surroundings (Stealth+).
Your rubbery body absorbs attacks. (AC +1, EV +1)


Message History

Items here: [ ††† a +0 ring mail; the goblin corpse of Ijyb; a jackal corpse x2
Tossing away (i - inventory. (/) - cycle)
c - 28 poisoned needles (quivered)
Press: ? - help, Shift-Dir - straight line, f/p - Jessica
Aim: Jessica, wearing a +0 robe (moderately wounded, fast)
You toss away a poisoned needle.
The poisoned needle barely misses Jessica.
Tossing away (i - inventory. (/) - cycle)
c - 27 poisoned needles (quivered)
Press: ? - help, Shift-Dir - straight line, f/p - Jessica
Aim: Jessica, wearing a +0 robe (lightly wounded, fast)
You toss away a poisoned needle.
The poisoned needle barely misses Jessica.
Tossing away (i - inventory. (/) - cycle)
c - 26 poisoned needles (quivered)
Press: ? - help, Shift-Dir - straight line, f/p - Jessica
Aim: Jessica, wearing a +0 robe (lightly wounded, fast)
You toss away a poisoned needle.
The poisoned needle closely misses Jessica.
Jessica gestures at you while chanting. Pain shoots through your body!
You die...

#..........#
#.........)#
#..........#
#....†.....#
#..........#
#..........#
#...<......#
#..........#####.###
######.###..@@(....(
#.# ####......# #.#
..###.( .# .## .# ##


You could see Jessica.

Vanquished Creatures
  Ijyb (D:3)
  4 adders (D:2)
  A dart slug (D:2)
  2 leopard geckos (D:1)
  4 bats
  2 giant cockroaches (D:2)
  6 goblins
  4 hobgoblins
  9 jackals
  A quokka (D:3)
  4 frilled lizards
  5 kobolds
  7 rats
50 creatures vanquished.

Notes
Turn   | Place    | Note
-------+----------+-------------------------------------------
     0 | D:1      | Bbm the Octopode Assassin began the quest for the Orb.
     0 | D:1      | Reached XP level 1. HP: 14/14 MP: 1/1
   107 | D:1      | Reached XP level 2. HP: 15/19 MP: 2/2
   213 | D:1      | Reached skill level 6 in Stealth
   532 | D:2      | Reached XP level 3. HP: 22/24 MP: 3/3
   596 | D:2      | Found a shimmering altar of Xom.
   657 | D:2      | Reached XP level 4. HP: 24/29 MP: 4/4
   672 | D:2      | Found a glowing silver altar of Zin.
   672 | D:2      | Found a shattered altar of Ashenzari.
   673 | D:2      | Found a hazy altar of Hepliaklqana.
   775 | D:2      | Reached skill level 7 in Stealth
  1058 | D:3      | Noticed Ijyb
  1061 | D:3      | Noticed Jessica
  1085 | D:3      | Killed Ijyb
  1092 | D:3      | Killed from afar by Jessica

Skill      XL: |  1  2  3  4 |
---------------+-------------+-----
Stealth        | 6 7 |  7.3
Fighting       | |  2.8
Short Blades   | |  2.4
Throwing       | |  2.2
Dodging        | |  1.3

Action                   |  1- 3 |  4- 6 || total
-------------------------+-------+-------++-------
Melee: Dagger            |    57 |    59 ||   116
       Constrict         |    15 |    14 ||    29
       Tentacles         |     9 |     7 ||    16
Throw: Javelin           |     1 |       ||     1
 Stab: Sleeping          |    12 |     1 ||    13
Armor: Skin              |     3 |     7 ||    10
Dodge: Dodged            |    41 |    78 ||   119
